 Dungeon Crawl Stone Soup version 0.29.1-1-gd02db6906a (webtiles) character file.

Game seed: 14449904294446719412

4812 Aibolit the Blocker (level 10, -1/83 HPs)
             Began as a Human Fighter on Oct 8, 2022.
             Was an Initiate of Gozag.
             Slain by a black mamba (5 damage)
             ... on level 8 of the Dungeon.
             The game lasted 00:21:14 (9908 turns).

Aibolit the Blocker (Human Fighter)                 Turns: 9908, Time: 00:21:15

Health: -1/83      AC: 18    Str: 21    XL:     10   Next: 77%
Magic:  10/10      EV: 10    Int:  8    God:    Gozag
Gold:   1221       SH:  6    Dex: 13    Spells: 9/9 levels left

rFire   . . .      SeeInvis .   F - +4 mace (protect)
rCold   . . .      Faith    .   c - +0 buckler
rNeg    . . .      Spirit   .   g - +0 plate armour
rPois   .          Reflect  .   w - +0 helmet
rElec   .          Harm     .   x - +0 cloak
rCorr   .          Rampage  .   (no gloves)
Will    .....                   k - +0 pair of boots
Stlth   ..........              o - amulet of regeneration
HPRegen 1.03/turn               q - +4 ring of evasion
MPRegen 0.12/turn               C - ring of flight

@: lethally poisoned (-1 -> -3), about to teleport, flying
A: no striking features
a: Renounce Religion, Potion Petition, Call Merchant, Bribe Branch


You were on level 8 of the Dungeon.
You worshipped Gozag.
Gozag was most pleased with you.
You visited 3 branches of the dungeon, and saw 10 of its levels.

You collected 1349 gold pieces.
You spent 20 gold pieces at shops.
You paid 108 gold pieces to Gozag.

Inventory:

Hand Weapons
 F - a +4 mace of protection (weapon)
Missiles
 z - a throwing net (quivered)
Armour
 c - a +0 buckler (worn)
 g - a +0 plate armour (worn)
 k - a +0 pair of boots (worn)
 w - a +0 helmet (worn)
 x - a +0 cloak (worn)
Jewellery
 o - an amulet of regeneration (around neck)
 q - a +4 ring of evasion (left hand)
 C - a ring of flight (right hand)
Wands
 t - a wand of digging (6)
 u - a wand of iceblast (19)
 B - a wand of mindburst (10)
Scrolls
 a - a scroll of amnesia {unknown}
 b - 3 scrolls of magic mapping
 e - 3 scrolls of noise
 h - 4 scrolls of vulnerability {unknown}
 i - 2 scrolls of blinking {unknown}
 r - a scroll of poison {unknown}
 s - a scroll of silence {unknown}
 v - 4 scrolls of immolation {unknown}
 y - 3 scrolls of enchant armour {unknown}
 A - a scroll of brand weapon {unknown}
 E - 2 scrolls of identify
Potions
 d - a potion of attraction {unknown}
 f - 4 potions of mutation
 l - a potion of berserk rage {unknown}
 m - 3 potions of invisibility
 n - a potion of heal wounds {unknown}
 p - 2 potions of brilliance {unknown}
 D - a potion of might
 G - a potion of flight {unknown}
 H - a potion of cancellation {unknown}
 I - a potion of ambrosia {unknown}


   Skills:
 + Level 9.3 Fighting
 - Level 2.2 Long Blades
 + Level 9.3 Armour
 + Level 9.3 Shields


You had 9 spell levels left.
You didn't know any spells.
Your spell library contained the following spells:

 Spells                   Type           Power      Damage    Failure   Level
 Sting                    Tmut/Pois      0%         1d3       100%        1
 Wereblood                Tmut           0%         N/A       100%        2
 Freezing Cloud           Conj/Ice/Air   0%         6-21      100%        5


Dungeon Overview and Level Annotations

Branches:
Dungeon (8/15)             Temple (1/1) D:5            Lair (1/5) D:8

Altars:
Ashenzari
Cheibriados
Dithmenos
Elyvilon
Fedhas
Gozag
Hepliaklqana
Kikubaaqudgha
Makhleb
Okawaru
Trog
Uskayaw
Vehumet
Wu Jian
Xom
Zin
The Shining One

Shops:
D:1 ?

Annotations:
D:5 3 runed translucent doors, Kaiern's ghost, amateur OpHu; caveywoolpert's ghost, amateur MiFi; kalagan's ghost, novice DECj; rubinsalamander's ghost, novice GnWr


Message History

You hit the black mamba.
Your weapon exudes an aura of protection.
The black mamba is lightly wounded.
You feel extremely sick. You block the black mamba's attack.
The black mamba bites you but does no damage.
The black mamba bites you!
You are more poisoned.
The black mamba poisons you!
You barely miss the black mamba.
The black mamba is lightly wounded.
You feel extremely sick. The black mamba completely misses you.
The black mamba bites you but does no damage.
You completely miss the black mamba.
The black mamba is lightly wounded.
You feel extremely sick. The black mamba completely misses you.
The black mamba bites you but does no damage.
You block the black mamba's attack.
The black mamba attacks as you move away!
You block the black mamba's attack.
You feel very sick. The black mamba barely misses you.
The black mamba attacks as you move away!
The black mamba bites you!
* * * LOW HITPOINT WARNING * * *
x2 You feel very sick.
* * * LOW HITPOINT WARNING * * *
You feel very sick. The black mamba misses you.
As you read the scroll of teleportation, it crumbles to dust.
You feel strangely unstable.
* * * LOW HITPOINT WARNING * * *
You feel very sick.
The black mamba bites you but does no damage. x2
The black mamba attacks as you move away!
The black mamba bites you.
You die...
Your body crumbles into a pile of gold.

#############
##............#
#............#.###
#.......P....#...###
###.....P.........#...###
#P............P..P..#....
##..PP........@.P.........
#..P.........SP...........
##.P.P.....................
#.....P.....>.........P....
##.........P..P.P...........
#...P.PP(....P..............
........P...................
##...P...PP...P.............
###......)...P.P...P.......


You could see a black mamba.

Vanquished Creatures
  Prince Ribbit (D:7)
  A hornet (D:8)
  Sigmund (D:3)
  A wraith (D:6)
  4 yaks (D:8)
  The ghost of Kaiern the Caller, an amateur OpSu (D:4)
  4 water moccasins
  2 ice beasts
  A sky beast (D:4)
  An orc warrior (D:7)
  3 black bears
  An ogre (D:5)
  3 centaurs
  A phantom (D:5)
  4 kobold brigands
  6 bullfrogs
  2 necrophages
  A gnoll sergeant (D:4)
  4 scorpions
  6 jellies
  3 hounds
  A gnoll bouda (D:7)
  6 orc priests
  Ijyb (D:3)
  5 iguanas
  3 orc wizards
  3 gnolls (D:4)
  8 adders
  A river rat (D:5)
  A shadow imp (D:6)
  An ufetubus (D:4)
  3 worms (D:4)
  2 dart slugs
  33 orcs
  6 endoplasms
  6 giant cockroaches
  12 goblins
  7 hobgoblins
  4 jackals (D:2)
  23 kobolds
  3 quokkas
  8 ball pythons
  3 bats
  4 frilled lizards
  6 rats
201 creatures vanquished.

Vanquished Creatures (others)
  34 fungi (D:8)
  46 plants (D:8)
80 creatures vanquished.

Grand Total: 281 creatures vanquished

Notes
Turn   | Place    | Note
-------+----------+-------------------------------------------
     0 | D:1      | Aibolit the Human Fighter began the quest for the Orb.
     0 | D:1      | Reached XP level 1. HP: 18/18 MP: 1/1
   199 | D:1      | Found Roveser's Magic Scroll Shoppe.
   207 | D:1      | Reached XP level 2. HP: 24/24 MP: 2/2
   857 | D:1      | Reached XP level 3. HP: 29/29 MP: 3/3
  1194 | D:1      | Bought a scroll of identify for 20 gold pieces
  1435 | D:2      | Reached XP level 4. HP: 35/35 MP: 4/4
  1640 | D:2      | Found a faded altar of an unknown god.
  1894 | D:3      | Noticed Sigmund
  1901 | D:3      | Killed Sigmund
  1902 | D:3      | Reached XP level 5. HP: 27/43 MP: 5/5
  1902 | D:3      | Reached XP level 6. HP: 31/49 MP: 6/6
  2145 | D:3      | Found an ornate altar of the Wu Jian Council.
  2410 | D:3      | Found a burning altar of Makhleb.
  2411 | D:3      | Noticed Ijyb
  2426 | D:3      | Killed Ijyb
  3434 | D:4      | Reached XP level 7. HP: 55/55 MP: 7/7
  3481 | D:4      | Reached skill level 5 in Fighting
  3481 | D:4      | Reached skill level 5 in Armour
  3481 | D:4      | Reached skill level 5 in Shields
  4104 | D:4      | Found a runed translucent gate.
  4213 | D:4      | Found a runed translucent gate.
  4213 | D:4      | Found a runed translucent gate.
  4213 | D:4      | Found an opulent altar of Gozag.
  4216 | D:4      | Noticed Kaiern's ghost (amateur OpSu)
  4543 | D:4      | Killed Kaiern's ghost
  4544 | D:4      | Reached XP level 8. HP: 40/56 MP: 8/8
  4655 | D:4      | Became a worshipper of Gozag Ym Sagoz the Greedy
  4689 | D:5      | Entered Level 5 of the Dungeon
  5192 | D:5      | Found a glowing drain.
  5498 | D:5      | Found a runed translucent gate.
  5499 | D:5      | Found a runed translucent gate.
  5500 | D:5      | Found a runed translucent gate.
  5501 | D:5      | Noticed Kaiern's ghost (amateur OpHu)
  5502 | D:5      | Noticed caveywoolpert's ghost (amateur MiFi)
  5502 | D:5      | Noticed rubinsalamander's ghost (novice GnWr)
  5502 | D:5      | Noticed kalagan's ghost (novice DECj)
  5510 | D:5      | Noticed a wraith
  6036 | D:6      | HP: 2/64 [iguana (3)]
  6045 | D:6      | HP: 3/65 [hound (1)]
  6054 | D:6      | HP: 3/65 [hound (1)]
  6533 | D:6      | Found a hide-covered altar of Uskayaw.
  6621 | D:6      | Killed a wraith
  6622 | D:6      | Reached XP level 9. HP: 52/71 MP: 9/9
  6644 | D:6      | Found a hazy altar of Hepliaklqana.
  6644 | D:6      | Found a snail-covered altar of Cheibriados.
  6703 | D:6      | Noticed a cyclops
  7108 | D:5      | Found a staircase to the Ecumenical Temple.
  7176 | Temple   | Entered the Ecumenical Temple
  8226 | D:7      | Noticed Prince Ribbit
  8248 | D:7      | Killed Prince Ribbit
  8448 | D:7      | Reached XP level 10. HP: 80/80 MP: 10/10
  8866 | D:7      | Got the Octavo of the Changing Glacier
  9798 | D:8      | Found a staircase to the Lair.
  9895 | Lair:1   | Entered Level 1 of the Lair of Beasts
  9895 | Lair:1   | Noticed a black mamba
  9907 | D:8      | HP: 4/83 [poisoned by a black mamba]
  9908 | D:8      | Slain by a black mamba

Illustrated notes

Levels and vault maps discovered:
D:1:      amcnicky_arrival_gap_in_the_tavern_cellar, layout_loops_ring,
          serial_shops, nicolae_shop_temple_entry_statues_fountains,
          corexii_hall_statues_t, minmay_parallelograms
D:2:      minmay_chambers_of_twos, layout_basic, nicolae_ecumenical_pavilion
D:3:      layout_loops_ring, mainiacjoe_overflow_catwalk_spiral, uniq_sigmund,
          uniq_ijyb
D:4:      layout_loops_ring, ebering_ghost_gozag, lightli_minifort
D:5:      layout_rooms, minmay_temple_entry_proselytizer,
          gammafunk_ghost_cemetery, portal_sewer_entry_b
D:6:      layout_loops_ring, nicolae_uskayaw_dance_hall,
          mainiacjoe_overflow_divided_tiny, lightli_corner_chamber
D:7:      layout_loops_ring, uniq_prince_ribbit1
D:8:      layout_rooms, grunt_temple_overflow_opulence,
          nicolae_yredelemnul_ghost_church, due_lair_maze_entry_diamond
Temple:   minmay_temple_curvy_loop
Lair:1:   layout_cave_shapes, grunt_megastairs_1, serial_bayou_shore_b,
          uniq_gastronok

Skill      XL: |  1  2  3  4  5  6  7  8  9 10 |
---------------+-------------------------------+-----
Fighting       | 4 5 6 8 9 |  9.3
Armour         | 4 5 6 8 9 |  9.3
Shields        | 4 5 6 8 9 |  9.3
Long Blades    | |  2.2

Action                   |  1- 3 |  4- 6 |  7- 9 | 10-12 || total
-------------------------+-------+-------+-------+-------++-------
Melee: Long sword        |    68 |       |       |       ||    68
       Short sword       |    22 |   128 |   557 |    22 ||   729
       Mace              |       |       |       |   239 ||   239
Evoke: Wand              |       |       |     1 |       ||     1
  Use: Potion            |       |     1 |     2 |       ||     3
       Scroll            |       |     3 |     3 |     6 ||    12
 Stab: Distracted        |       |       |     1 |     4 ||     5
Armor: Scale mail        |    13 |       |       |       ||    13
       Plate armour      |    40 |    80 |   378 |   187 ||   685
Dodge: Dodged            |    23 |    33 |   269 |   157 ||   482
Block: Buckler           |    20 |    29 |   166 |    90 ||   305
